 Dungeon Crawl Stone Soup version 0.31-a0-1511-g961fd35ebc (webtiles) character file.

Game seed: 15804694824431148767

25874 James the Stormcaller (level 13, -6/76 HPs)
             Began as a Tengu Air Elementalist on Dec 30, 2023.
             Was an Elder of Vehumet.
             Killed by the air
             ... invoked by Gastronok
              (22 damage)
             ... on level 2 of the Lair of Beasts.
             The game lasted 01:25:24 (20645 turns).

James the Stormcaller (Tengu Air Elementalist)     Turns: 20645, Time: 01:25:24

Health: -6/76      AC: 11    Str: 11    XL:     13   Next: 22%
Magic:  3/28       EV: 27    Int: 27    God:    Vehumet [****..]
Gold:   103        SH:  5    Dex: 25    Spells: 12/32 levels left

rFire   . . .        a - +7 lajatang of a treasure trove {flame, rC++ Stlth+}
rCold   + + .        (shield currently unavailable)
rNeg    . . .        U - +2 leather armour {rPois}
rPois   +            (helmet restricted)
rElec   .            Z - +2 cloak {Stlth+}
rCorr   .            e - +1 pair of gloves of the Grinning Gods {*Slow Int+3 Dex+10 Stlth+}
SInv    .            (boots unavailable)
Will    .....        I - amulet of reflection
Stlth   +++++        g - +5 ring of evasion
HPRegen 0.32/turn    i - +6 ring of intelligence
MPRegen 0.21/turn

%: slow self (1%), reflection, acrobat
@: flying, slowed, very slow
A: beak, talons 3, evasive flight, acrobatic
a: Renounce Religion


You were on level 2 of the Lair of Beasts.
You worshipped Vehumet.
Vehumet was greatly pleased with you.
You visited 3 branches of the dungeon, and saw 15 of its levels.
You also visited: Bailey.

You collected 979 gold pieces.
You spent 876 gold pieces at shops.

Inventory:

Hand Weapons
 a - the +7 lajatang of a treasure trove (weapon) {flame, rC++ Stlth+}
   (You bought it in a shop on level 5 of the Dungeon)

   rC++:      It greatly protects you from cold.
   Stlth+:    It makes you more stealthy.
 b - a +2 short sword of draining
   (You took it off a hobgoblin on level 4 of the Dungeon)
 n - a +1 sling of freezing
   (You took it off Joseph on level 7 of the Dungeon)
 t - the +9 sword of Zonguldrok {reap}
   (You found it on level 12 of the Dungeon)
 F - a +1 trident of flaming
   (You took it off a gnoll sergeant on level 9 of the Dungeon)
 J - the +6 hammer of Gazing Untimely Demise {heavy, rElec rPois rF- rN+++ Dex+3}
   (You found it on level 5 of the Dungeon)

   Dex+3:     It affects your dexterity (+3).
   rF-:       It makes you vulnerable to fire.
   rElec:     It insulates you from electricity.
   rPois:     It protects you from poison rN+++: It renders you almost immune to
   negative energy.
Missiles
 c - 61 poisoned darts
 A - 6 javelins
 O - 3 throwing nets {!f}
 Q - 19 boomerangs
 R - 12 curare-tipped darts {!f}
Armour
 e - the +1 pair of gloves of the Grinning Gods (worn) {*Slow Int+3 Dex+10 Stlth+}
   (You acquired it on level 12 of the Dungeon)

   Int+3:     It affects your intelligence (+3).
   Dex+10:    It affects your dexterity (+10).
   *Slow:     It may slow you when you take damage.
   Stlth+:    It makes you more stealthy.
 m - +0 acid dragon scales
   (You took it off Maggie on level 10 of the Dungeon)
 C - a +2 scale mail of willpower
   (You took it off an orc on level 3 of the Dungeon)
 K - a +1 robe of willpower
   (You took it off a wight on level 10 of the Dungeon)
 N - a +0 buckler
   (You took it off a gnoll sergeant on level 6 of the Dungeon)
 U - a +2 leather armour of poison resistance (worn)
   (You took it off a gnoll bouda on level 6 of the Dungeon)
 Z - a +2 cloak of stealth (worn)
   (You took it off Maurice on level 9 of the Dungeon)
Magical Staves
 D - a staff of alchemy
   (You found it on level 3 of the Dungeon)
Jewellery
 g - a +5 ring of evasion (left hand)
   (You found it on level 1 of the Dungeon)
 i - a +6 ring of intelligence (right hand)
   (You found it on level 1 of the Dungeon)
 k - a +6 ring of strength
   (You found it on level 6 of the Dungeon)
 l - a +6 ring of dexterity
   (You found it on level 1 of the Dungeon)
 o - a ring of protection from cold
   (You found it on level 1 of the Dungeon)
 s - a ring of positive energy
   (You found it on level 6 of the Dungeon)
 x - a ring of protection from cold
   (You found it on level 2 of the Dungeon)
 I - an amulet of reflection (around neck)
   (You found it on level 11 of the Dungeon)
 T - a ring of willpower
   (You took it off a goblin on level 10 of the Dungeon)
Wands
 d - a wand of iceblast (2)
   (You took it off Maurice on level 9 of the Dungeon)
 f - a wand of light (14)
   (You took it off a gnoll bouda on level 6 of the Dungeon)
 v - a wand of digging (7)
   (You found it on level 2 of the Lair of Beasts)
 V - a wand of charming (7)
   (You took it off Pikel on level 7 of the Dungeon)
Scrolls
 h - a scroll of brand weapon
 u - 4 scrolls of enchant weapon
 y - 4 scrolls of revelation
 E - a scroll of fog
 H - 3 scrolls of fear
 L - a scroll of summoning
 M - 2 scrolls of teleportation {@r4}
 S - a scroll of blinking
Potions
 j - 3 potions of invisibility
 p - 5 potions of curing {@q1}
 q - a potion of heal wounds {@q2}
 r - 2 potions of ambrosia
 w - a potion of might
 z - 4 potions of enlightenment
 B - a potion of cancellation
 G - a potion of resistance {unknown}
 P - a potion of haste {@q3}
 W - 2 potions of lignification {!q}
 X - 2 potions of magic
 Y - a potion of mutation {unknown}


   Skills:
 - Level 7.0 Fighting
 + Level 3.7 Staves
 - Level 8.0 Armour
 - Level 8.0 Dodging
 - Level 2.0 Stealth
 - Level 10.0 Spellcasting
 - Level 12.0 Conjurations
 - Level 2.0 Translocations
 - Level 15.0 Air Magic


You had 12 spell levels left.
You knew the following spells:

 Your Spells              Type           Power      Damage    Failure   Level
b - Airstrike             Air            38%        2d(6-22)  1%          4
d - Arcjolt               Conj/Air       36%        1d46      1%          5
e - Vhi's Electric Charg  Tloc/Air       100%       N/A       1%          4
s - Swiftness             Air            76%        N/A       1%          3
x - Iskenderun's Mystic   Conj/Tloc      50%        2d11      1%          4

Your spell library contained the following spells:

 Spells                   Type           Power      Damage    Failure   Level
 Shock                    Conj/Air       100%       1d9       0%          1
 Static Discharge         Conj/Air       100%       3-8/arc   1%          2
 Lesser Beckoning         Tloc           48%        N/A       3%          2
 Gell's Gravitas          Tloc           24%        N/A       7%          3
 Teleport Other           Tloc           24%        N/A       7%          3
 Ensorcelled Hibernation  Hex/Ice        26%        N/A       9%          2
 Plasma Beam              Fire/Air       26%        2x1d38    11%         6
 Passwall                 Erth           13%        N/A       16%         3
 Summon Ice Beast         Ice/Summ       13%        N/A       16%         3
 Bombard                  Conj/Erth      22%        9d4       17%         6
 Lee's Rapid Deconstruct  Erth           6%         3d6*      36%         5
 Leda's Liquefaction      Alch/Erth      6%         N/A       47%         4
 Alistair's Intoxication  Alch           8%         N/A       83%         5
 Borgnjor's Vile Clutch   Necr/Erth      6%         N/A       83%         5
 Summon Mana Viper        Hex/Summ       13%        N/A       83%         5
 Eringya's Noxious Bog    Alch           6%         4d6       87%         6
 Monstrous Menagerie      Summ           6%         N/A       100%        7


Dungeon Overview and Level Annotations

Branches:
Dungeon (12/15)            Temple (1/1) D:6            Lair (2/5) D:11
    Orc (0/2) D:9          Bailey (visited)
  Swamp: Lair:2-3    Shoals: Lair:2-3     Snake: Lair:2-3    Spider: Lair:2-3

Altars:
Ashenzari
Cheibriados
Dithmenos
Elyvilon
Fedhas
Gozag
Hepliaklqana
Kikubaaqudgha
Makhleb
Nemelex Xobeh
Okawaru
Qazlal
Ru
Sif Muna
Trog
Uskayaw
Vehumet
Wu Jian
Xom
Yredelemnul
Zin
The Shining One

Shops:
D:5 :*(   D:6 =

Annotations:
D:12 1 exclusion
Lair:2 Gastronok


Innate Abilities, Weirdness & Mutations

You have a beak for a mouth.
You have claws for feet.
Your magical flight helps you evade attacks. (EV +4)
You can magically evade attacks while moving or waiting.


Message History

The air twists around and strikes Gastronok!
Press: ? - help, Dir - move target, f/p - Gastronok
Aim: Gastronok, wearing a +1 hat (lightly wounded, empty space bonus: 8/8)
The air twists around and strikes Gastronok!!
You hear a croak.
Press: ? - help, Dir - move target, f/p - Gastronok
Aim: Gastronok, wearing a +1 hat (moderately wounded, empty space bonus: 7/8)
The air twists around and strikes Gastronok!!
Gastronok's eyestalks quiver as he mumbles some strange words.
Gastronok puts on a burst of speed!
Press: ? - help, Dir - move target, f/p - Gastronok
Aim: Gastronok, wearing a +1 hat (heavily wounded, covering ground quickly, empty space bonus: 7/8)
The air twists around and strikes Gastronok!!
Press: ? - help, Dir - move target, f/p - Gastronok
Aim: Gastronok, wearing a +1 hat (heavily wounded, covering ground quickly, empty space bonus: 8/8)
The air twists around and strikes Gastronok!
Gastronok waves his eye-stalks in wide circles.
The air twists around and strikes you!!
Press: ? - help, Dir - move target, f/p - Gastronok
Aim: Gastronok, wearing a +1 hat (severely wounded, covering ground quickly, empty space bonus: 8/8)
The air twists around and strikes Gastronok!!
You don't have enough magic to cast this spell.
Unknown command.
You slash the bullfrog! You burn the bullfrog!
You kill the bullfrog!
Vehumet accepts your kill. Gastronok looks at you while chanting.
You feel yourself slow down.
You fly upwards.
There is a stone staircase leading down here.
You fly downwards.
Level annotation: Gastronok Gastronok mumbles some strange words.
There is a stone staircase leading up here.
Press: ? - help, Dir - move target, f - Gastronok
Aim: Gastronok, wearing a +1 hat (severely wounded, empty space bonus: 8/8)
The air twists around and strikes Gastronok!!
Gastronok waves his eye-stalks in wide circles.
The air twists around and strikes you!!!
Ouch! That really hurt!
* * * LOW HITPOINT WARNING * * *
The quokka completely misses you.
There is a stone staircase leading up here.
Unknown command.
There are no items here.
The quokka bites you but does no damage.
Gastronok waves his eye-stalks in wide circles.
The air twists around and strikes you!!
You die...
Gastronok gurgles, "Let's see if you taste as good as that wizard did."

###..)...............
#P.......>...........
##....................
#..............##..>..
#..............#......
#.............#.#...##
##..............##
#..............##
##....@.......
#.....r.......
#.............
#.............
##[..w........
#..........#.#
##........## #
#.......#. ##..#P..###


You could see Gastronok and a quokka (summoned).

Vanquished Creatures
  2 vault guards (Bailey)
  2 boulder beetles
  3 two-headed ogres
  Pikel (D:7)
  A deep elf pyromancer (D:12)
  An ugly thing (D:12)
  Maurice (D:9)
  A manticore (D:12)
  A cyclops (D:12)
  Joseph (D:7)
  2 cane toads (Lair:1)
  A gargoyle (D:12)
  Maggie (D:10)
  An unseen horror (D:11)
  4 kobold demonologists
  A komodo dragon (D:11)
  Grinder (D:4)
  Prince Ribbit (Bailey)
  2 trolls
  4 blink frogs (Lair:1)
  4 wyverns
  Sigmund (D:3)
  A vampire (D:12)
  Eustachio (D:6)
  3 humans (Bailey)
  A basilisk (Lair:1)
  24 yaks
  2 steam dragons
  2 vampire mosquitoes (D:12)
  Menkaure (D:4)
  3 acid dragons
  Duvessa (D:7)
  5 water moccasins (Lair:1)
  4 orc warriors
  4 ice beasts
  3 black bears
  8 ogres
  6 wolves
  A phantom (D:6)
  10 kobold brigands
  15 bullfrogs
  3 necrophages (D:5)
  3 gnoll sergeants
  A scorpion (D:5)
  15 wights
  Dowan (D:7)
  22 killer bees
  16 howler monkeys
  A bullfrog zombie (D:5)
  Crazy Yiuf (D:5)
  6 orc priests
  6 gnoll boudas
  11 hounds (D:6)
  An iguana (D:5)
  3 sleepcaps (D:6)
  A scorpion zombie (D:5)
  6 orc wizards
  A howler monkey zombie (D:5)
  24 gnolls
  9 adders
  2 white imps
  3 ufetubi
  A dart slug (D:4)
  A ribbon worm (D:4)
  34 orcs
  3 bats
  7 endoplasms
  4 giant cockroaches
  10 goblins
  7 hobgoblins
  2 jackals
  5 quokkas
  6 ball pythons
  5 frilled lizards
  22 kobolds
  5 rats
380 creatures vanquished.

Notes
Turn   | Place    | Note
-------+----------+-------------------------------------------
     0 | D:1      | James the Tengu Air Elementalist began the quest for the
                  | Orb.
     0 | D:1      | Reached XP level 1. HP: 10/10 MP: 4/4
   345 | D:1      | Reached XP level 2. HP: 15/15 MP: 6/6
   348 | D:1      | Learned a level 2 spell: Static Discharge
  1183 | D:2      | Reached XP level 3. HP: 14/19 MP: 2/8
  1760 | D:2      | Reached XP level 4. HP: 24/24 MP: 1/9
  2102 | D:3      | Found a hide-covered altar of Uskayaw.
  2424 | D:3      | Reached XP level 5. HP: 23/28 MP: 4/11
  2504 | D:3      | Found an iron altar of Okawaru.
  2788 | D:3      | Found a faded altar of an unknown god.
  3147 | D:4      | Noticed Menkaure
  3303 | D:4      | Noticed Sigmund
  3687 | D:4      | Reached skill level 1 in Fighting
  4055 | D:4      | Noticed an ogre
  4238 | D:3      | Killed Sigmund
  4239 | D:3      | Reached skill level 5 in Conjurations
  4239 | D:3      | Reached skill level 5 in Air Magic
  4239 | D:3      | Reached XP level 6. HP: 28/35 MP: 5/13
  4390 | D:4      | Learned a level 4 spell: Airstrike
  4555 | D:4      | Killed Menkaure
  4556 | D:4      | Reached skill level 5 in Spellcasting
  4556 | D:4      | Gained mutation: Your magical flight helps you evade
                  | attacks. (EV +4) [Tengu growth]
  4556 | D:4      | Reached XP level 7. HP: 35/40 MP: 9/15
  4906 | D:5      | Entered Level 5 of the Dungeon
  4906 | D:5      | Noticed Grinder
  4906 | D:5      | Found Naumaro's Book Boutique.
  5057 | D:5      | Found a blossoming altar of Fedhas.
  5078 | D:5      | Identified the +6 hammer of Gazing Untimely Demise {heavy,
                  | rElec rPois rF- rN+++ Dex+3}
  5091 | D:5      | Found a runed translucent door.
  5092 | D:5      | Noticed Crazy Yiuf
  5628 | D:4      | Killed Grinder
  5629 | D:4      | Reached skill level 6 in Air Magic
  5649 | D:4      | Learned a level 3 spell: Swiftness
  5734 | D:5      | Reached skill level 7 in Air Magic
  5734 | D:5      | Reached XP level 8. HP: 23/44 MP: 14/18
  6046 | D:5      | Found Atunez's Antique Weapon Boutique.
  6057 | D:5      | Reached skill level 8 in Air Magic
  6228 | D:5      | Found Sadetuec's Overcharged Wands.
  6449 | D:5      | Killed Crazy Yiuf
  6450 | D:5      | Reached skill level 9 in Air Magic
  6718 | D:6      | Found a staircase to the Ecumenical Temple.
  6724 | Temple   | Entered the Ecumenical Temple
  6748 | Temple   | Became a worshipper of Vehumet
  6846 | D:6      | Reached skill level 10 in Air Magic
  6982 | D:6      | Reached XP level 9. HP: 33/48 MP: 8/20
  7159 | D:6      | Found Viriomuss's Jewellery Emporium.
  7316 | D:6      | Found a stormy altar of Qazlal.
  7316 | D:6      | Found a sacrificial altar of Ru.
  7317 | D:6      | Found a shimmering blue altar of Sif Muna.
  7553 | D:6      | Reached skill level 1 in Armour
  7875 | D:6      | Noticed Eustachio
  7909 | D:6      | Noticed a kobold demonologist
  7923 | D:6      | Killed Eustachio
  8021 | D:6      | Reached * piety under Vehumet
  8021 | D:6      | Offered knowledge of Kiss of Death by Vehumet.
  8269 | D:6      | Reached skill level 11 in Air Magic
  8527 | D:6      | Reached skill level 12 in Air Magic
  8527 | D:6      | Reached XP level 10. HP: 55/56 MP: 11/23
  9180 | D:6      | Found a white marble altar of Elyvilon.
  9181 | D:6      | Found a glowing silver altar of Zin.
  9182 | D:6      | Found a glowing golden altar of the Shining One.
  9282 | D:6      | Killed a kobold demonologist
  9607 | D:4      | Reached skill level 13 in Air Magic
  9749 | D:7      | Noticed Joseph
  9753 | D:7      | Killed Joseph
 10002 | D:7      | Noticed Pikel
 10063 | D:7      | Reached ** piety under Vehumet
 10063 | D:7      | Offered knowledge of Sandblast by Vehumet.
 10099 | D:7      | Noticed Duvessa
 10099 | D:7      | Noticed Dowan
 10106 | D:7      | Killed Duvessa
 10115 | D:7      | Killed Dowan
 10402 | D:7      | Reached skill level 14 in Air Magic
 10517 | D:6      | Found a bloodstained altar of Trog.
 10517 | D:6      | Found a shadowy altar of Dithmenos.
 11809 | D:7      | Killed Pikel
 12362 | D:8      | Offered knowledge of Frozen Ramparts by Vehumet.
 12363 | D:8      | Reached skill level 10 in Spellcasting
 12438 | D:8      | Reached XP level 11. HP: 59/61 MP: 22/26
 12649 | D:8      | Reached *** piety under Vehumet
 13392 | D:5      | Bought a book of Lightning for 396 gold pieces
 13398 | D:5      | Learned a level 5 spell: Arcjolt
 13403 | D:5      | Learned a level 4 spell: Vhi's Electric Charge
 13774 | D:9      | Reached skill level 5 in Fighting
 13872 | D:9      | Offered knowledge of Olgreb's Toxic Radiance by Vehumet.
 14130 | D:9      | Noticed a two-headed ogre
 14133 | D:9      | Noticed a two-headed ogre
 14137 | D:9      | Killed a two-headed ogre
 14138 | D:9      | Reached skill level 1 in Translocations
 14164 | D:9      | Killed a two-headed ogre
 14165 | D:9      | Reached skill level 5 in Armour
 14165 | D:9      | Reached skill level 5 in Dodging
 14341 | D:9      | Noticed Maurice
 14350 | D:9      | Killed Maurice
 14596 | D:9      | Found a staircase to the Orcish Mines.
 14607 | D:9      | Reached **** piety under Vehumet
 14887 | D:10     | Entered Level 10 of the Dungeon
 14950 | D:10     | Noticed Maggie
 14955 | D:10     | Killed Maggie
 14958 | D:10     | Found a flagged portal.
 15053 | Bailey   | Entered a bailey
 15059 | Bailey   | Reached skill level 15 in Air Magic
 15083 | Bailey   | Offered knowledge of Volatile Blastmotes by Vehumet.
 15250 | Bailey   | Noticed Prince Ribbit
 15258 | Bailey   | Noticed a vault guard
 15268 | Bailey   | Killed Prince Ribbit
 15283 | Bailey   | Killed a vault guard
 15284 | Bailey   | Reached XP level 12. HP: 22/68 MP: 6/27
 15480 | Bailey   | Noticed a vault guard
 15493 | Bailey   | Killed a vault guard
 15494 | Bailey   | Reached skill level 10 in Conjurations
 16203 | D:10     | Reached ***** piety under Vehumet
 16207 | D:10     | Offered knowledge of Iskenderun's Mystic Blast by Vehumet.
 16247 | D:9      | Learned a level 4 spell: Iskenderun's Mystic Blast
 16804 | D:11     | Found a staircase to the Lair.
 16972 | D:11     | Noticed a boulder beetle
 17092 | D:11     | Noticed a boulder beetle
 17518 | D:11     | You are sucked into a shaft and drop 1 floor!
 17518 | D:12     | Found a glowing silver altar of Zin.
 17588 | D:12     | Identified a scroll of acquirement
 17588 | D:12     | Acquired the +1 pair of gloves of the Grinning Gods {*Slow
                  | Int+3 Dex+10 Stlth+}
 17622 | D:12     | Noticed a boulder beetle
 17653 | D:12     | Killed a boulder beetle
 18062 | D:12     | Noticed a two-headed ogre
 18156 | D:12     | Killed a two-headed ogre
 18325 | D:11     | Killed a boulder beetle
 19056 | D:12     | Found the +9 sword of Zonguldrok {reap}
 19427 | D:5      | Bought a twisted lajatang for 480 gold pieces
 19427 | D:5      | Identified the +7 lajatang of a treasure trove {flame, rC++
                  | Stlth+} (You bought it in a shop on level 5 of the Dungeon)
 19580 | Lair:1   | Entered Level 1 of the Lair of Beasts
 19584 | Lair:1   | Reached XP level 13. HP: 62/75 MP: 25/28
 19823 | Lair:1   | Found a radiant altar of Vehumet.
 19972 | Lair:1   | Reached skill level 1 in Staves
 20611 | Lair:2   | Noticed Gastronok
 20645 | Lair:2   | Killed from afar by Gastronok

Illustrated notes

Levels and vault maps discovered:
D:1:      dpeg_arrival_simpleton_a, layout_loops_ring, minmay_liquid_box
D:2:      cheibrodos_old_hovel, layout_loops_cross
D:3:      layout_loops_corners, okawaru_altar_gauntlet_db,
          mainiacjoe_overflow_paths, dreamdust_ecumenical_altar_grove
D:4:      layout_basic, patterned_corridor, uniq_menkaure, uniq_sigmund
D:5:      minmay_evil_eye, layout_rooms, fedhas_altar_decomposition,
          serial_shops, nicolae_shop_peninsula,
          nicolae_shop_competitors_out_of_business,
          nicolae_shop_overcharged_wands, uniq_grinder, uniq_crazy_yiuf_cottage
D:6:      lemuel_castle_with_subvaults [lemuel_castle_interior_carwin_2],
          layout_loops_ring, good_gods_temple_1, nicolae_overflow_hidden_temple,
          minmay_temple_entry_overgrown, serial_shops, kennysheep_little_box,
          uniq_eustachio
D:7:      layout_basic, uniq_duvessa, uniq_joseph, uniq_pikel
D:8:      layout_loops_ring, amethyst_killhole, eino_jars
D:9:      layout_loops_ring, orc_0_dummy, st_stairs_5, uniq_maurice
D:10:     layout_long_grid, special_room [special_room_kobold], enter_bailey_5,
          uniq_maggie
D:11:     layout_rooms, david_lair_shrubbed
D:12:     layout_long_grid, zin_treasury
Temple:   minmay_temple_curvy_loop
Lair:1:   layout_layer_cave, basic_altar, serial_bayou_shore_b,
          infiniplex_staircase_pool
Lair:2:   layout_cave_pods, minmay_stone_trees_large, lemuel_fruit_fields,
          uniq_gastronok

Skill      XL: |  1  2  3  4  5  6  7  8  9 10 11 12 13 |
---------------+----------------------------------------+-----
Conjurations   | 2 3 4 5 9 12 | 12.0
Spellcasting   | 3 4 5 6 7 8 10 | 10.0
Fighting       | 2 4 5 6 7 |  7.0
Air Magic      | 5 7 10 12 14 15 | 15.0
Dodging        | 3 5 7 8 |  8.0
Armour         | 3 5 7 8 |  8.0
Translocations | 2 |  2.0
Staves         | 3 |  3.7
Stealth        | |  2.0

Action                     |  1- 3 |  4- 6 |  7- 9 | 10-12 | 13-15 || total
---------------------------+-------+-------+-------+-------+-------++-------
  Melee: Spear             |     2 |       |       |       |       ||     2
         Kick              |     1 |    17 |    23 |   127 |    13 ||   181
         Dagger            |       |    45 |    11 |       |       ||    56
         Peck              |       |    15 |    17 |    71 |     9 ||   112
         Punch             |       |     1 |       |     4 |       ||     5
         Short sword       |       |       |    71 |   299 |       ||   370
         Lajatang          |       |       |       |     2 |    32 ||    34
   Cast: Shock             |    39 |    65 |    90 |    24 |       ||   218
         Static Discharge  |     2 |     9 |    43 |    35 |       ||    89
         Airstrike         |       |       |    35 |   132 |    23 ||   190
         Arcjolt           |       |       |       |    52 |     7 ||    59
         Vhi's Electric Ch |       |       |       |     6 |       ||     6
         Iskenderun's Myst |       |       |       |    13 |       ||    13
    Use: Scroll            |       |    13 |     2 |    10 |     1 ||    26
         Potion            |       |       |       |     4 |       ||     4
   Stab: Sleeping          |       |     1 |       |     4 |     1 ||     6
         Distracted        |       |       |     1 |       |       ||     1
         Invisible         |       |       |       |     3 |       ||     3
 Armour: Robe              |     3 |    36 |    92 |       |       ||   131
         Leather armour    |       |       |       |    76 |    11 ||    87
         Scale mail        |       |       |       |    29 |       ||    29
         Acid dragon scale |       |       |       |    76 |       ||    76
  Dodge: Dodged            |     1 |    37 |   129 |   411 |    45 ||   623
  Block: Other             |       |       |       |     5 |     9 ||    14

Table legend: (Time is in decaauts)
 A = Elapsed time spent in this place.
 B = Non-inter-level travel time spent in this place.
 C = Inter-level travel time spent in this place.
 D = Time resting spent in this place.
 E = Time spent auto-exploring this place.
 F = Levels seen in this place.
 G = Mean time per level.
                   A        B        C        D        E       F      G
               +--------+--------+--------+--------+--------+-----+--------+
         Total |  20703 |  18815 |   1888 |   5305 |   8609 |  16 | 1293.9 |
       Dungeon |  19006 |  17186 |   1820 |   4943 |   7834 |  12 | 1583.8 |
        Temple |     47 |      2 |     45 |      0 |      0 |   1 |   47.0 |
          Lair |   1091 |   1069 |     22 |    155 |    676 |   2 |  545.5 |
        Bailey |    557 |    557 |      0 |    206 |     99 |   1 |  557.0 |
               +--------+--------+--------+--------+--------+-----+--------+

Top non-repeatable levels by time:
     D:6: 3247 daAuts
     D:7: 2327 daAuts
     D:4: 2241 daAuts
    D:10: 1616 daAuts
     D:3: 1469 daAuts
     D:5: 1282 daAuts
     D:8: 1262 daAuts
    D:12: 1259 daAuts
     D:9: 1194 daAuts
     D:1: 1149 daAuts
    D:11: 1000 daAuts
  Lair:1: 963 daAuts
     D:2: 955 daAuts
  Bailey: 557 daAuts
  Lair:2: 127 daAuts
